 Dungeon Crawl Stone Soup version 0.23-a0-182-g58cdd98 (webtiles) character file.

95 Amnesiac the Magician (level 4, -4/35 HPs)
             Began as a Mummy Monk on Sept 20, 2018.
             Slain by a killer bee (6 damage)
             ... on level 2 of the Dungeon.
             The game lasted 00:01:42 (856 turns).

Amnesiac the Magician (Mummy Monk)                   Turns: 856, Time: 00:01:42

Health: -4/35      AC:  6    Str: 14    XL:     4   Next: 40%
Magic:  9/11       EV: 10    Int: 10    God:
Gold:   61         SH:  0    Dex: 14    Spells: 13/13 levels left

rFire    x . .     SeeInvis .   a - +1 short sword (venom)
rCold    + . .     Gourm    .   (no shield)
rNeg     + + +     Faith    .   d - +0 scale mail
rPois    ∞         Spirit   .   (no helmet)
rElec    .         Reflect  .   (no cloak)
rCorr    .         Harm     .   (no gloves)
MR       .....                  (no boots)
Stlth    ..........             (no amulet)
HPRegen  0.11/turn              (no ring)
MPRegen  0.12/turn              (no ring)

@: about to teleport
A: no food or potions, fire vulnerability, cold resistance 1, negative energy
resistance 3, torment resistance, unbreathing
a: no special abilities


You were on level 2 of the Dungeon.
You were not hungry.

You visited 1 branch of the dungeon, and saw 2 of its levels.

You collected 61 gold pieces.

Inventory:

Hand Weapons
 a - a +1 short sword of venom (weapon)
 b - a +0 hunting sling
Missiles
 c - 23 sling bullets
 e - 59 stones (quivered)
Armour
 d - a +0 scale mail (worn)
 i - a +0 robe
 j - a cursed +0 robe
Scrolls
 f - a scroll of blinking {!r, unknown}
 h - a scroll of remove curse {!r, unknown}


   Skills:
 - Level 3.0 Fighting
 - Level 2.4 Short Blades
 - Level 2.4 Dodging
 - Level 1.5 Stealth
 + Level 5.0 Spellcasting


You had 13 spell levels left.
You didn't know any spells.
Your spell library was empty.

Dungeon Overview and Level Annotations

Branches:
Dungeon (2/15)

Altars:


Innate Abilities, Weirdness & Mutations

You do not eat or drink.
Your flesh is vulnerable to fire.
You are immune to poison.
Your flesh is cold resistant. (rC+)
You are immune to negative energy. (rN+++)
You are immune to unholy pain and torment.
You can survive without breathing.


Message History

The adder is severely wounded.
The adder barely misses you.
You closely miss the adder.
The adder is severely wounded.
You kill the adder!
No target in view!
No target in view!
Found 16 arrows.
Found a dagger.
e - 59 stones (gained 22)
You see here a glowing robe.
j - a glowing robe A killer bee comes into view.
The killer bee buzzes angrily.
You hear a shout!
A killer bee comes into view.
The killer bee moves out of view.
Found 12 gold pieces.
A killer bee comes into view.
A killer bee comes into view.
The killer bee buzzes angrily. x3; You hear an angry buzzing noise. x2
The killer bee moves out of view.
Really read
g - 2 scrolls labeled WEFIHIE FINWA {!r}?
As you read the scroll labeled WEFIHIE FINWA {!r}, it crumbles to dust.
You feel strangely unstable.
It was a scroll of teleportation {!r}.
A killer bee comes into view.
The killer bee closely misses you.
You miss the killer bee. The killer bee stings you.
You hit the killer bee.
The killer bee is poisoned.
The killer bee is lightly wounded.
The killer bee closely misses you.
A killer bee comes into view.
The killer bee stings you.
The killer bee buzzes angrily.
You hit the killer bee.
The killer bee looks as sick as possible!
The killer bee is heavily wounded.
Your surroundings suddenly seem different.
A kobold comes into view.
The kobold shouts!
Your Spellcasting skill gained 2 levels and is now at level 5!
You have reached level 4!
You feel a bit more experienced.
Found 2 metallic emerald potions.
Okay, then.
Really read
g - a scroll of teleportation {!r}?
As you read the scroll of teleportation {!r}, it crumbles to dust.
You feel strangely unstable.
The killer bee stings you but does no damage.
The kobold hits you but does no damage. The killer bee stings you.
The killer bee stings you.
* * * LOW HITPOINT WARNING * * *
The killer bee stings you.
* * * LOW HITPOINT WARNING * * *
The killer bee stings you!
* * * LOW HITPOINT WARNING * * *
The kobold barely misses you. The killer bee barely misses you.
Found a bubbling blue potion.
The killer bee stings you but does no damage.
The killer bee closely misses you. The kobold barely misses you.
The killer bee stings you.
* * * LOW HITPOINT WARNING * * *
The killer bee stings you but does no damage. x2
The killer bee stings you.
You die...

.........!....########
...............+...>...
#..!...........####.###
#..............# #.#
#..............# #.#
#..............####'###
+......y...$...#.......
#.....yyy......#.......
#.....@yK......#.......
#############..#.......
#y#....... #.#.......
#......... ##.(......
#........ #........
#.....)..


You could see 5 killer bees and a kobold.

Vanquished Creatures
  A killer bee (D:2)
  2 adders (D:2)
  A dart slug (D:1)
  8 bats (D:1)
  2 giant cockroaches (D:1)
  3 hobgoblins (D:1)
  3 kobolds (D:1)
  4 frilled lizards (D:1)
  2 goblins (D:1)
  A rat (D:1)
27 creatures vanquished.

Notes
Turn   | Place    | Note
-------+----------+-------------------------------------------
     0 | D:1      | Amnesiac the Mummy Monk began the quest for the Orb.
     0 | D:1      | Reached XP level 1. HP: 18/18 MP: 1/1
    21 | D:1      | Reached skill level 1 in Spellcasting
    86 | D:1      | Reached skill level 2 in Spellcasting
    86 | D:1      | Reached XP level 2. HP: 12/24 MP: 3/5
   590 | D:1      | Reached skill level 3 in Spellcasting
   772 | D:1      | Reached XP level 3. HP: 29/29 MP: 7/7
   847 | D:2      | Noticed a killer bee
   847 | D:2      | Noticed a killer bee
   848 | D:2      | Noticed a killer bee
   848 | D:2      | Noticed a killer bee
   849 | D:2      | Noticed a killer bee
   851 | D:2      | Noticed a killer bee
   852 | D:2      | Killed a killer bee
   852 | D:2      | Reached skill level 5 in Spellcasting
   852 | D:2      | Reached XP level 4. HP: 24/35 MP: 9/11
   856 | D:2      | Slain by a killer bee

Vault maps used:
D:1:      ncdulo_wetmaze, minmay_misc_feat_iff
D:2:      first_ration, uniq_natasha

Skill      XL: |  1  2  3 |
---------------+----------+-----
Spellcasting   | 2 3 5 |  5.0
Fighting       | |  3.0
Short Blades   | |  2.4
Dodging        | |  2.4
Stealth        | |  1.5

Action                   |  1- 3 |  4- 6 || total
-------------------------+-------+-------++-------
Melee: Short sword       |    77 |       ||    77
 Fire: Hunting sling     |     5 |       ||     5
  Use: Scroll            |     1 |     1 ||     2
 Stab: Sleeping          |     1 |       ||     1
Armor: Robe              |    21 |       ||    21
       Scale mail        |     3 |     5 ||     8
Dodge: Dodged            |    77 |     4 ||    81

Table legend:
 A = Non-vault XP
 B = Vault XP
 C = Vault XP percentage of total XP
 D = Non-vault monster count
 E = Vault monster count
 F = Vault count percentage of total count
                 A         B        C        D         E       F
            +---------+---------+-------+---------+---------+-------
      Total |     137 |       0 |   0.0 |      27 |       0 |   0.0
            +---------+---------+-------+---------+---------+-------
        D:1 |      42 |       0 |   0.0 |      24 |       0 |   0.0
        D:2 |      95 |       0 |   0.0 |       3 |       0 |   0.0
            +---------+---------+-------+---------+---------+-------
